 Dungeon Crawl Stone Soup version 0.18.1-48-g4cf74bf (webtiles) character file.

60 Ruka the Slasher (level 4, -3/35 HPs)
             Began as a Human Abyssal Knight on Sept 5, 2016.
             Was a Follower of Lugonu.
             Slain by an iguana (11 damage)
             ... on level 4 of the Dungeon.
             The game lasted 00:08:34 (1905 turns).

Ruka the Slasher (Human Abyssal Knight)             Turns: 1905, Time: 00:08:35

Health: -3/35      AC:  9    Str: 13    XL:     4   Next: 24%
Magic:  5/5        EV:  6    Int: 12    God:    Lugonu [*.....]
Gold:   44         SH:  0    Dex: 13    Spells: 0 memorised, 3 levels left

rFire  . . .     SeeInvis .     a - +1 falchion
rCold  . . .     Gourm    .     k - +0 chain mail
rNeg   . . .     Faith    .     (no shield)
rPois  .         Spirit   .     (no helmet)
rElec  .         Dismiss  .     (no cloak)
rCorr  .         Reflect  .     e - +0 pair of gloves
SustAt .         Harm     .     (no boots)
MR     .....                    o - amulet of inaccuracy (curse)
Stlth  ..........               (no ring)
                                d - ring of loudness (curse)

@: not resistant to hostile enchantments, extremely unstealthy
A: no striking features
a: Depart the Abyss, Renounce Religion


You were on level 4 of the Dungeon.
You worshipped Lugonu.
Lugonu was aware of your devotion.
You were not hungry.

You visited 1 branch of the dungeon, and saw 3 of its levels.
You visited the Abyss 1 time.

You collected 44 gold pieces.

Inventory:

Hand Weapons
 a - a +1 falchion (weapon)
Armour
 b - a +0 leather armour
 e - a +0 pair of gloves (worn)
 j - a +0 leather armour
 k - a +0 chain mail (worn)
Jewellery
 d - a cursed ring of loudness (left hand)
 l - an uncursed ring of ice {unknown}
 o - a cursed amulet of inaccuracy (around neck)
Scrolls
 g - a scroll of teleportation
Potions
 h - a potion of flight
 i - a potion of mutation {unknown}
 m - a potion of curing {unknown}
Comestibles
 c - 2 bread rations
 f - a beef jerky
 n - a fruit


   Skills:
 - Level 3.0 Fighting
 + Level 4.1 Long Blades
 - Level 2.0 Armour
 - Level 1.0 Dodging
 - Level 2.0 Invocations


You had 3 spell levels left.
You didn't know any spells.

Dungeon Overview and Level Annotations

Branches:
Dungeon (2/15)

Altars:
Elyvilon


Message History

The iguana is moderately wounded.
The iguana bites you but does no damage.
You closely miss the iguana.
The iguana is moderately wounded.
The iguana bites you.
You closely miss the iguana.
The iguana is moderately wounded.
The iguana bites you but does no damage.
You hit the iguana but do no damage.
The iguana is moderately wounded.
The iguana bites you!
Your chain mail prevents you from hitting the iguana.
The iguana is moderately wounded.
The iguana closely misses you. The iguana bites you!
* * * LOW HITPOINT WARNING * * *
Found a mace.
The iguana hisses menacingly.
The iguana bites you!
You die...

####### #.....#
######.# #)#
.......# #.#######
#.#.###.....l.#
###.#.....#####@#
##....##.#.# #.#
..#.......... #.#
.#....####.#...#.#
.....## #.#...#.#
.....# #.. ....#
#...## .........
##.## .........
#.#


You could see an iguana.

Vanquished Creatures
  3 adders (D:2)
  2 dart slugs
  2 giant geckos
  A bat (D:2)
  3 giant cockroaches
  A goblin (D:1)
  4 hobgoblins
  2 ball pythons
  2 giant newts
  5 kobolds
  4 rats (D:1)
29 creatures vanquished.

Notes
Turn   | Place    | Note
--------------------------------------------------------------
     0 | Abyss:1  | Ruka the Human Abyssal Knight began the quest for the Orb.
     0 | Abyss:1  | Reached XP level 1. HP: 18/18 MP: 2/2
    60 | Abyss:1  | Noticed a freezing wraith
    62 | Abyss:1  | Noticed a tentacled starspawn
    62 | D:1      | Escaped the Abyss
   159 | D:1      | Reached XP level 2. HP: 22/24 MP: 3/3
   282 | D:1      | Reached * piety under Lugonu
   759 | D:1      | Reached skill level 3 in Long Blades
  1078 | D:2      | Reached XP level 3. HP: 29/29 MP: 4/4
  1569 | D:2      | Reached XP level 4. HP: 33/35 MP: 5/5
  1589 | D:2      | Reached skill level 4 in Long Blades
  1793 | D:2      | You fall through a shaft for 2 floors!
  1797 | D:4      | Found a white marble altar of Elyvilon.
  1905 | D:4      | Slain by an iguana

Skill      XL: |  1  2  3  4 |
---------------+-------------+-----
Long Blades    | 3 4 |  4.1
Fighting       | |  3.0
Armour         | |  2.0
Dodging        | |  1.0
Invocations    | |  2.0

Action                   |  1- 3 |  4- 6 || total
-------------------------+-------+-------++-------
Melee: Falchion          |   101 |    24 ||   125
Invok: Depart the Abyss  |     1 |       ||     1
  Use: Scroll            |     2 |     1 ||     3
  Eat: Chunk             |     2 |     1 ||     3
Armor: Leather armour    |    11 |       ||    11
       Chain mail        |    44 |    15 ||    59
Dodge: Dodged            |    39 |     5 ||    44
